 Dungeon Crawl Stone Soup version 0.28.0-53-g5a82cb258f (webtiles) character file.

Game seed: 3413434699808711265

418 dranuc9 the Conjurer (level 6, -1/32 HPs)
             Began as a Deep Elf Conjurer on June 26, 2022.
             Engulfed by a steam dragon's steam (10 damage)
             ... on level 4 of the Dungeon on June 27, 2022.
             The game lasted 00:13:31 (3255 turns).

dranuc9 the Conjurer (Deep Elf Conjurer)            Turns: 3255, Time: 00:13:31

Health: -1/32      AC:  2    Str:  4    XL:     6   Next: 61%
Magic:  8/17       EV: 12    Int: 25    God:
Gold:   93         SH:  0    Dex: 13    Spells: 13/17 levels left

rFire   . . .      SeeInvis .   (no weapon)
rCold   . . .      Faith    .   (no shield)
rNeg    . . .      Spirit   .   a - +0 robe
rPois   .          Reflect  .   (no helmet)
rElec   .          Harm     .   (no cloak)
rCorr   .          Rampage  .   (no gloves)
Will    .....                   (no boots)
Stlth   +++.......              (no amulet)
HPRegen 0.10/turn               (no ring)
MPRegen 0.15/turn               (no ring)

@: no status effects
A: no striking features
a: no special abilities


You were on level 4 of the Dungeon.
You visited 1 branch of the dungeon, and saw 4 of its levels.

You collected 93 gold pieces.

Inventory:

Missiles
 f - 11 arrows
Armour
 a - a +0 robe (worn)
Magical Staves
 m - a staff of fire
Jewellery
 l - a +4 ring of evasion
Scrolls
 b - 2 scrolls of identify {unknown}
 c - a scroll of teleportation {unknown}
 d - a scroll of vulnerability {unknown}
 k - 2 scrolls of enchant weapon {unknown}
Potions
 e - a potion of berserk rage {unknown}
 g - 2 potions of attraction {unknown}
 h - 2 potions of heal wounds {unknown}
 i - a potion of haste {unknown}
 j - a potion of lignification {unknown}


   Skills:
 + Level 2.5 Dodging
 + Level 4.2 Stealth
 + Level 6.1 Spellcasting
 + Level 6.8 Conjurations


You had 13 spell levels left.
You knew the following spells:

 Your Spells              Type           Power      Damage    Failure   Level
a - Magic Dart            Conj           100%       1d8       1%          1
b - Searing Ray           Conj           84%        2d7       1%          2
c - Summon Small Mammal   Summ           28%        N/A       8%          1

Your spell library contained the following spells:

 Spells                   Type           Power      Damage    Failure   Level
 Dazzling Flash           Conj/Hex       48%        N/A       5%          3
 Fulminant Prism          Conj/Hex       12%        3d9       19%         4
 Iskenderun's Mystic Bla  Conj/Tloc      24%        2d7       19%         4
 Call Canine Familiar     Summ           7%         N/A       22%         3
 Summon Guardian Golem    Hex/Summ       7%         N/A       22%         3


Dungeon Overview and Level Annotations

Branches:
Dungeon (4/15)
 Temple: D:4-7

Altars:


Message History

Sigmund is moderately wounded.
The searing ray hits Sigmund!
Sigmund is severely wounded.
The searing ray hits the steam dragon.
The steam dragon is lightly wounded.
Sigmund hits you from afar with a +0 scythe.
The searing ray hits Sigmund.
Sigmund is almost dead.
The searing ray hits the steam dragon.
The steam dragon is moderately wounded.
You finish channelling your searing ray.
Sigmund points at you and mumbles some strange words.
The magic dart hits you!
Casting: Searing Ray (safe; 1% risk of failure)
Confirm with . or Enter, or press ? or * to list all spells.
You don't know that spell.
Unknown command.
Casting: Searing Ray (safe; 1% risk of failure)
Confirm with . or Enter, or press ? or * to list all spells.
Aiming: Searing Ray (safe; 1% risk of failure)
Press: ? - help, Shift-Dir - straight line, f - steam dragon, p - Sigmund
Aim: a steam dragon (moderately wounded, 81% to hit)
The searing ray hits Sigmund but does no damage.
Sigmund is almost dead.
The searing ray hits the steam dragon!
The steam dragon is heavily wounded. (Press . to maintain the ray.) Sigmund barely misses you.
The searing ray hits Sigmund!
You kill Sigmund!
The searing ray misses the steam dragon.
The steam dragon breathes steam at you. The ball of steam hits you!
* * * LOW HITPOINT WARNING * * *
Your Stealth skill increases to level 4!
Your Spellcasting skill increases to level 6!
The searing ray hits the steam dragon!
The steam dragon is severely wounded.
You are engulfed in a cloud of scalding steam.
You die...

.... .... .....
..... ####+####
...... #.......#
......##.......##
D....D§§§.†.....+
##.§.......##
#§.@§..)....# #
###..§....#####.#
##'#.§.#'## .#.#
#..#####..##...#
#########.#..#
#........#
###.......##
.........<#
#...[...##


You could see a steam dragon (catching breath).

Vanquished Creatures
  Sigmund (D:4)
  Eustachio (D:4)
  Natasha (twice) (D:2)
  3 adders (D:3)
  A worm (D:2)
  A dart slug (D:1)
  4 endoplasms (D:1)
  2 giant cockroaches
  5 goblins
  6 hobgoblins
  5 kobolds
  5 quokkas
  6 ball pythons
  6 bats
  3 frilled lizards (D:1)
  3 rats (D:1)
54 creatures vanquished.

Notes
Turn   | Place    | Note
-------+----------+-------------------------------------------
     0 | D:1      | dranuc9 the Deep Elf Conjurer began the quest for the Orb.
     0 | D:1      | Reached XP level 1. HP: 10/10 MP: 6/6
   183 | D:1      | Reached XP level 2. HP: 15/15 MP: 6/8
   186 | D:1      | Learned a level 2 spell: Searing Ray
   436 | D:1      | Reached skill level 5 in Conjurations
  1413 | D:2      | Reached XP level 3. HP: 19/19 MP: 7/9
  1545 | D:2      | Noticed Natasha
  1548 | D:2      | Killed Natasha
  1907 | D:2      | Noticed Natasha
  1912 | D:2      | Killed Natasha
  1913 | D:2      | Reached XP level 4. HP: 24/24 MP: 5/11
  2578 | D:3      | Learned a level 1 spell: Summon Small Mammal
  3127 | D:4      | Noticed Eustachio
  3138 | D:4      | Killed Eustachio
  3139 | D:4      | Reached skill level 5 in Spellcasting
  3139 | D:4      | Reached XP level 5. HP: 28/28 MP: 1/14
  3139 | D:4      | Reached XP level 6. HP: 32/32 MP: 1/16
  3246 | D:4      | Noticed Sigmund
  3246 | D:4      | Noticed a steam dragon
  3254 | D:4      | Killed Sigmund
  3255 | D:4      | Engulfed by a steam dragon's steam

Illustrated notes

Levels and vault maps discovered:
D:1:      erik_arrival_cave_to_civilisation [erik_arrival_cave_to_temple],
          layout_basic
D:2:      layout_loops_ring, minmay_splitting_lines, uniq_natasha
D:3:      layout_basic, item_on_display_b
D:4:      nicolae_cairo_tiling_very_big, layout_rooms,
          minmay_temple_entry_butterflies, uniq_robin, uniq_sigmund,
          uniq_blork_the_orc, uniq_duvessa, uniq_eustachio

Skill      XL: |  1  2  3  4  5  6 |
---------------+-------------------+-----
Conjurations   | 5 6 |  6.8
Stealth        | 3 4 |  4.2
Spellcasting   | 5 6 |  6.1
Dodging        | |  2.5

Action                   |  1- 3 |  4- 6 || total
-------------------------+-------+-------++-------
 Cast: Magic Dart        |    64 |    32 ||    96
       Searing Ray       |     2 |     5 ||     7
Dodge: Dodged            |       |     1 ||     1
